AoeStats
← I hate antichrist

Nomad

509833724Analyzed
4v4 RM · 5d ago on Sep 28, 2026· 41m 20s· 8 players
Game mode
Random Map
Map size
231×231
Population
200
Speed
Normal
Resources
Standard
Victory
Conquest
Starting age
Dark Age
Ending age
Imperial Age
RankedLock teamsTeams togetherTeam positionsShared explorationLock speedFull tech treeHidden civsTurbo modeCheats
Victory
Defeat
🇨🇳 Spanish · China
1350
+17
🇻🇳 Persians · Vietnam
1341
+17
🇮🇳 Persians · India
1338
+18
🇨🇳 Malay · China
1337
+18
🇦🇺 Dravidians · Australia
1413
-19
🇺🇸 Chinese · United States
1370
-17
🇨🇭 Koreans · Switzerland
1351
-17
🇦🇺 Romans · Australia
1350
-17
勇敢牛牛
3:58 Loom
14:25 Feudal Age
17:32 Castle Age
16:56 Double-Bit Axe
16:45 Demolition Ship
21:36 Fishing Lines
28:47 Fletching
28:58 Padded Archer Armor
29:19 Elite Skirmisher
39:05 Man-at-Arms
39:47 Squires
40:13 Long Swordsman
41:05 Forging
arsenalchelsea2
6:06 Loom
13:53 Feudal Age
14:33 Double-Bit Axe
14:31 Horse Collar
18:39 Gold Mining
23:22 Castle Age
22:46 Fishing Lines
23:58 Bow Saw
23:54 Gillnets
24:35 Heavy Plow
25:38 Wheelbarrow
28:53 Scale Barding Armor
29:46 Bloodlines
30:32 Chain Barding Armor
31:39 Forging
33:43 Husbandry
39:04 Imperial Age
38:48 Cavalier
40:08 Plate Barding Armor
40:21 Hand Cart
你顶住我发展
2:57 Loom
14:44 Feudal Age
19:49 Castle Age
18:34 Double-Bit Axe
18:43 Stone Mining
18:45 Fishing Lines
19:39 Gold Mining
19:52 Padded Archer Armor
20:48 Wheelbarrow
20:01 Town Watch
21:45 Bow Saw
23:22 Leather Archer Armor
23:24 Hand Cart
26:14 Horse Collar
26:56 Fervor
36:07 Imperial Age
35:53 Ballistics
35:36 Heavy Plow
35:27 Fletching
36:43 Sanctity
35:59 Elite Skirmisher
37:28 Ring Archer Armor
36:56 Bodkin Arrow
38:01 Conscription
38:03 Bracer
41:21 Chemistry
40:53 Ring Archer Armor
40:39 Thumb Ring
VN_BILL
3:25 Loom
13:23 Feudal Age
18:18 Castle Age
16:07 Double-Bit Axe
16:14 Fletching
16:25 Padded Archer Armor
18:57 Medium Warships
18:44 Bodkin Arrow
19:11 Bow Saw
28:20 Leather Archer Armor
29:11 Wheelbarrow
33:46 Imperial Age
31:26 Scale Barding Armor
32:20 Hand Cart
33:00 Forging
33:42 Gold Mining
34:14 Chain Barding Armor
34:29 Iron Casting
34:12 Bloodlines
33:51 Cavalier
34:32 Husbandry
36:18 Plate Barding Armor
36:41 Horse Collar
38:38 Blast Furnace
38:06 Heavy Plow
39:19 Leather Archer Armor
39:10 Savar
40:50 Town Watch
42:23 Ring Archer Armor
Ludo
4:37 Loom
13:21 Feudal Age
17:50 Castle Age
16:47 Double-Bit Axe
16:42 Horse Collar
19:20 Gold Mining
19:41 Bow Saw
21:39 Fletching
I hate antichrist
4:40 Loom
12:48 Feudal Age
13:18 Double-Bit Axe
19:28 Castle Age
19:22 Fishing Lines
20:33 Medium Warships
20:34 Bow Saw
20:11 Town Watch
21:56 Wheelbarrow
21:22 Gillnets
26:48 Fletching
32:20 Imperial Age
37:22 Elite Skirmisher
you are so toxic
2:55 Loom
13:13 Feudal Age
17:16 Town Watch
20:19 Castle Age
18:44 Gold Mining
18:41 Double-Bit Axe
20:10 Fishing Lines
21:30 Bow Saw
21:42 Town Patrol
22:24 Gillnets
23:42 Wheelbarrow
24:57 Ballistics
30:58 Gold Shaft Mining
38:43 Imperial Age
我快招架不住了
3:11 Loom
16:44 Feudal Age
20:50 Castle Age
19:34 Stone Mining
19:45 Double-Bit Axe
19:45 Horse Collar
22:57 Fishing Lines
23:45 Gillnets
28:53 Wheelbarrow
28:54 Bow Saw
29:11 Heavy Plow
30:17 Town Watch
30:25 Gold Mining
31:11 Stone Shaft Mining
31:41 Hand Cart
32:48 Gold Shaft Mining
35:43 Imperial Age
33:18 Town Patrol
33:24 Padded Archer Armor
33:19 Fletching
34:41 Leather Archer Armor
34:32 Bodkin Arrow
35:46 Ballistics
36:32 Bracer
37:24 Ring Archer Armor
36:38 Elite Chu Ko Nu
37:40 Conscription
39:00 Chemistry
Connection lost

Rejoining the realm…

Still unreachable

The connection could not be restored.

Session expired

The server has moved on; the page needs a fresh start.